 Seeded DCSS version 0.29.1-15-g9cfb28693d (webtiles) character file.

Game seed: 16245865983455551772 (custom seed)

228 Atreus the Chopper (level 5, 46/46 HPs)
             Began as a Palentonga Berserker on Mar 10, 2023.
             Was a Believer of Trog.
             Quit the game on level 3 of the Dungeon.
             The game lasted 00:03:42 (2191 turns).

Atreus the Chopper (Palentonga Berserker)           Turns: 2191, Time: 00:03:42

Health: 46/46      AC:  5    Str: 40    XL:     5   Next: 70%
Magic:  5/5        EV: 10    Int: 24    God:    Trog [**....]
Gold:   146        SH:  0    Dex: 16    Spells: 4/4 levels left

rFire   . . .      SeeInvis +   a - +0 hand axe
rCold   . . .      Faith    .   (no shield)
rNeg    . . .      Spirit   .   b - +0 animal skin
rPois   .          Reflect  .   (no helmet)
rElec   +          Harm     .   d - +0 cloak "Forget-Me-Not" {rElec SInv}
rCorr   .          Rampage  .   (no gloves)
Will    .....                   (no barding)
Stlth   +.........              e - amulet "Yliakkyi" {Drain Regen+ Str+10 Int+4 Dex+7}
HPRegen 0.95/turn               c - ring "Epemeuh" {rElec Str+6 Int+6}
MPRegen 0.09/turn               i - +6 ring of intelligence

@: no status effects
A: large, rugged brown scales 3, see invisible, deformed body, roll 1, armoured
tail
a: Rolling Charge, Renounce Religion, Berserk, Trog's Hand


You were on level 3 of the Dungeon.
You worshipped Trog.
Trog was pleased with you.
You visited 1 branch of the dungeon, and saw 3 of its levels.

You collected 146 gold pieces.

Inventory:

Hand Weapons
 a - a +0 hand axe (weapon)
Armour
 b - a +0 animal skin (worn)
 d - the +0 cloak "Forget-Me-Not" (worn) {rElec SInv}
   (You acquired it on level 1 of the Dungeon)

   rElec:     It insulates you from electricity.
   SInv:      It lets you see invisible.
Jewellery
 c - the ring "Epemeuh" (left hand) {rElec Str+6 Int+6}
   (You acquired it on level 1 of the Dungeon)

   [ring of intelligence]

   Str:       It affects your strength (+6).
   Int:       It affects your intelligence (+6).
   rElec:     It insulates you from electricity.
 e - the amulet "Yliakkyi" (around neck) {Drain Regen+ Str+10 Int+4 Dex+7}
   (You acquired it on level 1 of the Dungeon)

   [amulet of regeneration]

   Str:       It affects your strength (+10).
   Int:       It affects your intelligence (+4).
   Dex:       It affects your dexterity (+7).
   Regen:     It increases your rate of health regeneration.
   Drain:     It drains your maximum health when unequipped.
 i - a +6 ring of intelligence (right hand)
 j - a +6 ring of intelligence
 p - an amulet of regeneration
Wands
 q - a wand of roots (4)
Scrolls
 h - a scroll of teleportation
 l - 3 scrolls of identify {unknown}
 m - a scroll of enchant weapon {unknown}
 n - a scroll of summoning {unknown}
 o - a scroll of immolation {unknown}
 r - a scroll of noise {unknown}
Potions
 f - 2 potions of flight {unknown}
 g - a potion of might {unknown}
 k - a potion of lignification {unknown}


   Skills:
 + Level 4.6 Fighting
 + Level 5.3 Axes
 - Level 1.6 Armour
 - Level 1.6 Dodging


You had 4 spell levels left.
You didn't know any spells.
Your spell library was empty.

Dungeon Overview and Level Annotations

Branches:
Dungeon (3/15)

Altars:

Shops:
D:3 [


Innate Abilities, Weirdness & Mutations

You are completely covered in rugged brown scales. (AC +3, +7% HP)
You have supernaturally acute eyesight. (SInv)
Armour fits poorly on your strangely shaped body.
You can roll at nearby foes to attack.
You have a long armoured tail.


Message History

Trog accepts your kill.
Trog appreciates your killing of a magic user.
Natasha screams in fury as she dies!
You see here the felid corpse of Natasha.
You start resting.
HP restored.
You feel yourself speed up.
You now have 146 gold pieces (gained 8).
You see here a +0 club.
There is an open door here.
There is an open door here.
A frilled lizard comes into view.
A frilled lizard is nearby!
A frilled lizard is nearby!
A frilled lizard is nearby!
The frilled lizard hisses angrily.
There's nothing you can charge at!
Unknown command.
Unknown command.
You barely miss the frilled lizard. The frilled lizard bites you.
You slash the frilled lizard!
You kill the frilled lizard!
Trog accepts your kill.
A kobold comes into view. It is wielding a +0 dagger.
A kobold is nearby!
A kobold is nearby!
The kobold shouts!
Roll where?
Press: ? - help, Q - select action, (/) - cycle Dir - move target, f - kobold
Aim: a kobold, wielding a +0 dagger You roll forward with a clatter of scales!
You hit the kobold.
You kill the kobold!
Trog accepts your kill.
You see here a +0 dagger.
Done exploring.
Done exploring.
Done exploring.
Unknown command.
Are you sure you want to abandon this character and quit the game? (Confirm with "yes".)

.# #.........# .#
#.#####.### .# #.#..<#.#
.# #############.###.#.#
.#
#.........).....#.#.######
.#
#.###########.#.#†#......#
.# #.# #...#.#.######.# .#
#.# #.###.#...# #.# .# #.#
#..@..###.# #.# .# #.#
#######...# #.# .###.#
#####.### #.# .....#
#....†######.# .#####
#.###........# ## #.#
#.######## #.###.# #.....#
#####.#


There were no monsters in sight!

Vanquished Creatures
  An orc priest (D:3)
  Jessica (D:2)
  2 orc wizards (D:3)
  Natasha (twice) (D:3)
  2 adders
  5 orcs (D:3)
  5 ball pythons
  3 bats
  5 endoplasms
  2 goblins (D:1)
  7 hobgoblins
  4 kobolds
  3 quokkas (D:1)
  3 frilled lizards
  7 rats
52 creatures vanquished.

Notes
Turn   | Place    | Note
-------+----------+-------------------------------------------
     0 | D:1      | Atreus the Palentonga Berserker began the quest for the
                  | Orb.
     0 | D:1      | Reached XP level 1. HP: 19/19 MP: 1/1
    61 | D:1      | Identified 3 scrolls of acquirement
    61 | D:1      | Acquired the +0 cloak "Forget-Me-Not" {rElec SInv}
    63 | D:1      | Acquired the amulet "Yliakkyi" {Drain Regen+ Str+10 Int+4
                  | Dex+7}
    65 | D:1      | Acquired the ring "Epemeuh" {rElec Str+6 Int+6}
   202 | D:1      | Found a faded altar of an unknown god.
   250 | D:1      | Reached XP level 2. HP: 25/25 MP: 2/2
  1205 | D:2      | Reached XP level 3. HP: 31/31 MP: 3/3
  1242 | D:2      | Noticed Jessica
  1247 | D:2      | Killed Jessica
  1248 | D:2      | Reached skill level 4 in Axes
  1622 | D:3      | Reached ** piety under Trog
  1658 | D:3      | Noticed Natasha
  1660 | D:3      | Reached XP level 4. HP: 39/39 MP: 4/4
  1666 | D:3      | Killed Natasha
  1813 | D:3      | Reached XP level 5. HP: 46/46 MP: 5/5
  1827 | D:3      | Reached skill level 5 in Axes
  1850 | D:3      | Found Ymmy Ciutu's Antique Armour Shoppe.
  2041 | D:3      | Noticed Natasha
  2049 | D:3      | Killed Natasha
  2191 | D:3      | Quit the game

Illustrated notes

Levels and vault maps discovered:
D:1:      minmay_arrival_hallway, layout_loops_corners, basic_ecumenical_altar,
          minmay_unequal
D:2:      layout_loops_ring, uniq_jessica
D:3:      layout_basic, serial_shops, nicolae_shop_advertising_works
          [nicolae_subvault_shop_adworks], minmay_shallow_snake_nest,
          uniq_natasha

Skill      XL: |  1  2  3  4  5 |
---------------+----------------+-----
Axes           | 4 5 |  5.3
Fighting       | 4 |  4.6
Armour         | |  1.6
Dodging        | |  1.6

Action                   |  1- 3 |  4- 6 || total
-------------------------+-------+-------++-------
Melee: Hand axe          |    62 |    46 ||   108
       Tailslap          |     8 |     6 ||    14
       Punch             |     1 |     1 ||     2
 Abil: Rolling Charge    |    11 |     9 ||    20
  Use: Scroll            |     3 |     1 ||     4
 Stab: Sleeping          |     1 |       ||     1
Armor: Animal skin       |    26 |     8 ||    34
Dodge: Dodged            |    27 |    26 ||    53
